 Dungeon Crawl Stone Soup version 0.18.1-48-g4cf74bf (webtiles) character file.

156 Lennu the Ducker (level 5, -4/38 HPs)
             Began as a Merfolk Ice Elementalist on June 28, 2016.
             Killed by divine providence
             ... invoked by an orc priest
              (12 damage)
             ... on level 3 of the Dungeon.
             The game lasted 00:14:38 (2167 turns).

Lennu the Ducker (Merfolk Ice Elementalist)         Turns: 2167, Time: 00:14:39

Health: -4/38      AC:  8    Str: 10    XL:     5   Next: 38%
Magic:  18/18      EV: 11    Int: 14    God:
Gold:   107        SH:  3    Dex: 14    Spells: 1 memorised, 8 levels left

rFire  . . .     SeeInvis .     i - +1 hand axe (vamp)
rCold  . . .     Gourm    .     m - +0 ring mail
rNeg   . . .     Faith    .     o - +0 buckler
rPois  .         Spirit   .     (no helmet)
rElec  .         Dismiss  .     (no cloak)
rCorr  .         Reflect  .     (no gloves)
SustAt .         Harm     .     q - +0 pair of boots
MR     .....                    (no amulet)
Stlth  +.........               s - ring of magical power
                                h - +2 ring of protection

@: very slightly contaminated, hasted, very quick, not resistant to hostile
enchantments, very unstealthy
A: change form in water, swift swim
a: no special abilities


You were on level 3 of the Dungeon.
You were not hungry.

You visited 1 branch of the dungeon, and saw 3 of its levels.

You collected 107 gold pieces.

Inventory:

Hand Weapons
 i - a +1 vampiric hand axe (weapon)
Armour
 a - a +0 robe
 m - a +0 ring mail (worn)
 o - a +0 buckler (worn)
 q - a +0 pair of boots (worn)
Jewellery
 h - a +2 ring of protection (left hand)
 s - a ring of magical power (right hand)
Wands
 e - a wand of hasting (0/9)
Scrolls
 c - 2 scrolls of teleportation {unknown}
 d - 7 scrolls of remove curse {unknown}
 g - a scroll of blinking {unknown}
 j - a scroll of identify {unknown}
Potions
 t - a potion of haste {unknown}
Books
 b - a book of Frost

   Spells                             Type                      Level
   a - Freeze                         Ice                          1
   b - Throw Frost                    Conjuration/Ice              2
   c - Ozocubu's Armour               Charms/Ice                   3
   d - Throw Icicle                   Conjuration/Ice              4
   e - Summon Ice Beast               Ice/Summoning                4
Comestibles
 f - 4 chunks of flesh
 k - a beef jerky
 l - 2 bread rations
 n - 2 meat rations
 p - a slice of pizza
 r - a royal jelly


   Skills:
 * Level 2.1 Fighting
 * Level 0.9 Armour
 * Level 4.7 Dodging
 - Level 2.3 Stealth
 * Level 0.6 Shields
 + Level 2.6 Spellcasting
   Level 0.7 Conjurations
 + Level 3.7 Ice Magic


You had 8 spell levels left.
You knew the following spells:

 Your Spells              Type           Power        Failure   Level  Hunger
a - Freeze                Ice            ##..         21%         1    #......


Dungeon Overview and Level Annotations

Branches:
Dungeon (3/15)

Altars:

Annotations:
D:2 Sigmund


Message History

The orc hits you but does no damage.
You hit the orc priest.
The orc priest is heavily wounded.
You closely miss the orc.
The orc is moderately wounded.
You block the orc priest's attack. The orc barely misses you.
The orc priest calls down the wrath of Beogh upon you.
Pain shoots through your body!
* * * LOW HITPOINT WARNING * * *
That item cannot be evoked!
Evoke which item? (* to show all) (? for menu, Esc to quit)
Zapping:
e - a wand of hasting {zapped: 1} (will waste charges)
Press: ? - help, Shift-Dir - straight line, f - you You feel yourself speed up.
You are very lightly contaminated with residual magic.
Evoking this partially-identified wand wasted a few charges.
The orc hits you but does no damage.
The orc priest mumbles some strange prayers to Beogh against you.
Beogh smites you!
You die...

#.......# #.......#
##.......# ... #
#........# .....#
#........ .....#
####.......# ....
##).........#####.#
.............o.)..#
#........@.o.†##.# #
#.......####..÷.#####...
# #....)÷.# #..........#
####### #....(..#
#.###......# ......#
#....(%.# #.# #........
##.##.# #...†(..# #.#
#>.....##
##.##.###.......# #.#
#....o.#
##.....##.......####.#
###.##...
#####..#####..(......#
.# ###


You could see an orc priest and an orc.

Vanquished Creatures
  Ijyb (D:2)
  4 adders
  An ooze (D:1)
  A worm (D:2)
  A dart slug (D:1)
  3 giant geckos
  2 orcs (D:3)
  3 bats
  3 giant cockroaches
  12 goblins
  12 hobgoblins
  14 jackals
  9 kobolds
  2 ball pythons
  A giant newt (D:2)
  3 rats
72 creatures vanquished.

Notes
Turn   | Place    | Note
--------------------------------------------------------------
     0 | D:1      | Lennu the Merfolk Ice Elementalist began the quest for the Orb.
     0 | D:1      | Reached XP level 1. HP: 13/13 MP: 3/3
   218 | D:1      | Reached XP level 2. HP: 15/19 MP: 5/5
   405 | D:1      | Reached skill level 3 in Dodging
   943 | D:1      | Reached XP level 3. HP: 25/25 MP: 3/6
  1357 | D:2      | Reached XP level 4. HP: 31/31 MP: 5/7
  1406 | D:2      | Noticed Ijyb
  1449 | D:2      | Killed Ijyb
  1449 | D:2      | Reached skill level 1 in Fighting
  1449 | D:2      | Reached skill level 4 in Dodging
  1703 | D:2      | Reached XP level 5. HP: 37/37 MP: 8/8
  1783 | D:2      | Noticed Sigmund
  2167 | D:3      | Killed from afar by an orc priest

Skill      XL: |  1  2  3  4  5 |
---------------+----------------+-----
Dodging        | 3 4 |  4.7
Fighting       | 1 2 |  2.1
Armour         | |  0.9
Stealth        | |  2.3
Shields        | |  0.6
Spellcasting   | |  2.6
Conjurations   | |  0.7
Ice Magic      | |  3.7

Action                   |  1- 3 |  4- 6 || total
-------------------------+-------+-------++-------
Melee: Club              |    18 |       ||    18
       Hand axe          |    66 |   158 ||   224
 Cast: Freeze            |    24 |       ||    24
Evoke: Wand              |       |     1 ||     1
  Use: Potion            |       |     3 ||     3
 Stab: Sleeping          |     1 |     1 ||     2
  Eat: Bread ration      |     1 |       ||     1
       Chunk             |     1 |     4 ||     5
Armor: Robe              |     6 |       ||     6
       Ring mail         |    43 |   100 ||   143
Dodge: Dodged            |    60 |    89 ||   149
Block: Buckler           |     6 |    23 ||    29
